[Event "Titled Tuesday Blitz September 27 Late 2022"]
[White "Lin, Dachey"]
[Black "Gubajdullin, Alexei"]
[WhiteFideId "2029650"]
[BlackFideId "4141202"]
[WhiteElo "2313"]
[BlackElo "2195"]
[Result "1/2-1/2"]
[Round "03"]
[TimeControl "180+1"]
[Date "2022.09.28"]
[WhiteClock "0:00:10"]
[BlackClock "0:00:13"]

1. g4 d5 2. Bg2 c6 3. g5 Bf5 4. d3 e6 5. e4 dxe4 6. dxe4 Qxd1+ 7. Kxd1 Bg6 8. h4 h6 9. Be3 hxg5 10. hxg5 Rxh1 11. Bxh1 e5 12. Nd2 Nd7 13. Nc4 f6 14. gxf6 gxf6 15. Ne2 Bf7 16. Nd2 Bc5 17. Nf1 O-O-O 18. Ke1 Ne7 19. Bf3 Be6 20. Rd1 Bb6 21. Rd6 Nf8 22. Rxd8+ Kxd8 23. Bxb6+ axb6 24. a4 Nfg6 25. Ne3 Nh4 26. Bh5 Nc8 27. Kd2 Nd6 28. Kd3 Bf7 29. Bg4 Bg6 30. Ng3 Ke7 31. f3 Bf7 32. c4 c5 33. b3 Be6 34. Bh5 Nc8 35. Bg4 Na7 36. Bxe6 Kxe6 37. Nd5 Nxf3 38. Nxb6 Nd4 39. Kc3 Nac6 40. Nf1 f5 41. exf5+ Kxf5 42. Nd7 Ne6 43. Ne3+ Ke4 44. Nd5 Kf3 45. b4 cxb4+ 46. Nxb4 Nxb4 47. Kxb4 e4 48. Ne5+ Kf4 49. Ng6+ Kg3 50. Ne5 e3 51. c5 Nf4 52. Kc3 Kf2 53. Ng4+ Kf3 54. Nxe3 Kxe3 55. Kc4 Ke4 56. c6 bxc6 57. Kc5 Nd5 58. Kxc6 Kd4 59. a5 Nb4+ 60. Kb5 Kc3 61. Kc5 Kb3 62. Kb5 Ka3 63. a6 Nxa6 1/2-1/2


[Site "https://www.chess.com"]

[Event "Titled Tuesday Blitz September 27 Late 2022"]
[White "Makarian, Rudik"]
[Black "Danielyan, Vahe"]
[WhiteFideId "44105681"]
[BlackFideId "13304828"]
[WhiteElo "2410"]
[BlackElo "2421"]
[Result "1-0"]
[Round "03"]
[TimeControl "180+1"]
[Date "2022.09.27"]
[WhiteClock "0:00:21"]
[BlackClock "0:00:02"]

1. d3 a6 2. g3 g6 3. Bg2 Bg7 4. f4 d6 5. Nf3 Nf6 6. O-O O-O 7. e4 Nc6 8. Nc3 Bg4 9. h3 Bxf3 10. Bxf3 e6 11. Kh2 Nd7 12. Bg2 Nd4 13. Be3 c5 14. Qd2 Rb8 15. Nd1 f5 16. c3 Nc6 17. Nf2 Qf6 18. Rad1 Kh8 19. d4 cxd4 20. cxd4 Ne7 21. e5 Qf7 22. Rc1 d5 23. Rc7 Nc6 24. Rc1 Rfc8 25. Rxc8+ Rxc8 26. g4 fxg4 27. hxg4 Rf8 28. Nh3 Bh6 29. Rf1 Qe7 30. f5 Bxe3 31. Qxe3 exf5 32. gxf5 Nf6 33. Qg5 Ne4 34. Qxe7 Nxe7 35. f6 Nf5 36. Bxe4 dxe4 37. Ng5 h6 38. Nxe4 Nxd4 39. Kg3 Kg8 40. Nd6 Ne6 41. Rc1 g5 42. Kg4 Kh7 43. Kf5 Nd4+ 44. Ke4 Ne6 45. Nxb7 Kg6 46. Rc6 Nf4 47. Rc7 Kh5 48. Kf5 Kh4 49. f7 Nd5 50. Rd7 Ne3+ 51. Kg6 g4 52. e6 g3 53. Rd4+ Kh3 54. Re4 Ng4 55. e7 g2 56. Rxg4 g1=Q 57. Rxg1 1-0


[Site "https://www.chess.com"]

[Event "Titled Tuesday Blitz September 27 Late 2022"]
[White "Manukian, Artak"]
[Black "Gines Esteo, Pedro Antonio"]
[WhiteFideId "13301373"]
[BlackFideId "32080190"]
[WhiteElo "2515"]
[BlackElo "2293"]
[Result "0-1"]
[Round "03"]
[TimeControl "180+1"]
[Date "2022.09.28"]
[WhiteClock "0:00:29"]
[BlackClock "0:00:16"]

1. e4 c6 2. d4 d5 3. e5 Bf5 4. c4 e6 5. Nc3 Nd7 6. Nf3 Ne7 7. Nh4 Bg6 8. Bg5 Qb6 9. Qd2 dxc4 10. Bxc4 Nf5 11. Nxf5 Bxf5 12. O-O h6 13. Bh4 g5 14. Bg3 Bg7 15. Rfe1 Rd8 16. Rad1 Qb4 17. Qe2 Nb6 18. Bd3 Bxd3 19. Qxd3 Qxb2 20. Ne4 O-O 21. h4 g4 22. Nf6+ Bxf6 23. exf6 Qb5 24. Qd2 Qh5 25. Be5 Rd5 26. Qf4 Nd7 27. Rd3 Rd8 28. Rg3 Nxe5 29. dxe5 Rd4 30. Qe3 Kh7 31. Qb3 b6 32. Qc2+ Qf5 33. Qxc6 Rd1 34. Rxd1 Rxd1+ 35. Kh2 h5 36. Qc7 Kg6 37. Qc8 Qb1 38. Qg8+ Kf5 39. Qg5+ Ke4 40. Qe3+ Kd5 41. Qb3+ Qxb3 42. axb3 Kxe5 43. Rc3 Kxf6 44. Rc7 Ra1 45. Kg3 Ra3 46. f3 Rxb3 47. Rxa7 gxf3 48. gxf3 Rb4 49. Rb7 b5 50. Rb6 Kf5 51. Rb7 f6 52. Rh7 Kg6 53. Re7 e5 54. Kf2 Rxh4 55. Ke3 Rf4 56. Rb7 b4 57. Rb8 h4 58. Rg8+ Kf5 59. Rh8 b3 60. Rb8 h3 61. Rxb3 Rh4 62. Rb1 h2 63. Rh1 Rh3 64. Kf2 Kf4 65. Kg2 Rh5 66. Re1 h1=Q+ 67. Rxh1 Rxh1 68. Kxh1 Kxf3 69. Kg1 e4 70. Kf1 e3 71. Ke1 e2 0-1


[Site "https://www.chess.com"]

[Event "Titled Tuesday Blitz September 27 Late 2022"]
[White "Maze, Sebastien"]
[Black "Svane, Rasmus"]
[WhiteFideId "613762"]
[BlackFideId "4657101"]
[WhiteElo "2430"]
[BlackElo "2674"]
[Result "0-1"]
[Round "03"]
[TimeControl "180+1"]
[Date "2022.09.27"]
[WhiteClock "0:00:01"]
[BlackClock "0:00:09"]

1. e4 c6 2. d3 d5 3. Nf3 dxe4 4. dxe4 Qxd1+ 5. Kxd1 Nf6 6. Nbd2 g6 7. Ne1 Bh6 8. f3 Be6 9. Nd3 Nbd7 10. b3 O-O-O 11. Bb2 Rhg8 12. a4 Nh5 13. a5 Nf4 14. b4 c5 15. bxc5 Kb8 16. c6 bxc6 17. Ra3 Ka8 18. g3 Nxd3 19. Bxd3 Nc5 20. Ke2 f5 21. exf5 gxf5 22. Rc3 Na4 23. Ba1 Nxc3+ 24. Bxc3 Bd5 25. Nc4 f4 26. g4 Rxg4 27. fxg4 Bxh1 28. Ne5 Bg7 29. a6 h6 30. Bb2 Bd5 31. c4 Be6 32. h4 Bxe5 33. Bxe5 Bxg4+ 0-1


[Site "https://www.chess.com"]

[Event "Titled Tuesday Blitz September 27 Late 2022"]
[White "Mihajlov, Sebastian"]
[Black "Boyer, Mahel"]
[WhiteFideId "1512110"]
[BlackFideId "45102422"]
[WhiteElo "2464"]
[BlackElo "2454"]
[Result "1-0"]
[Round "03"]
[TimeControl "180+1"]
[Date "2022.09.28"]
[WhiteClock "0:00:18"]
[BlackClock "0:00:01"]

1. e4 c5 2. Nf3 d6 3. d4 cxd4 4. Nxd4 Nf6 5. Nc3 a6 6. Bc4 Nbd7 7. Be3 b5 8. Bb3 Nc5 9. f3 Bb7 10. Qd2 e6 11. O-O Be7 12. Rad1 O-O 13. Kh1 Qc7 14. Qf2 b4 15. Nce2 a5 16. c3 Nxb3 17. Nxb3 a4 18. Nbd4 bxc3 19. Nxc3 Qd7 20. a3 Ba6 21. Rfe1 Bc4 22. e5 dxe5 23. Nf5 Nd5 24. Nxe7+ Qxe7 25. Bc5 Qc7 26. Bxf8 Nxc3 27. bxc3 Rxf8 28. h3 f6 29. Rd2 Bd5 30. Qe3 Rc8 31. Rc1 Bb3 32. c4 Qc5 33. Rd8+ Kf7 34. Rd7+ Kg6 35. Qd3+ f5 36. g4 e4 37. gxf5+ 1-0


[Site "https://www.chess.com"]

[Event "Titled Tuesday Blitz September 27 Late 2022"]
[White "Muradli, Mahammad"]
[Black "Rastbod, Ali"]
[WhiteFideId "13409301"]
[BlackFideId "12567477"]
[WhiteElo "2611"]
[BlackElo "2191"]
[Result "0-1"]
[Round "03"]
[TimeControl "180+1"]
[Date "2022.09.27"]
[WhiteClock "0:00:02"]
[BlackClock "0:00:14"]

1. Nf3 d5 2. e3 Nf6 3. c4 e6 4. b3 Be7 5. Bb2 O-O 6. Be2 b6 7. O-O Bb7 8. Nc3 a6 9. cxd5 exd5 10. Qc2 Re8 11. Rac1 c5 12. d4 Nbd7 13. Rfd1 Rc8 14. Qb1 Bf8 15. dxc5 bxc5 16. Rd2 h6 17. Rcd1 Nb6 18. h3 Qd7 19. Na4 Nxa4 20. Bxf6 Nb6 21. Bb2 Red8 22. Ne5 Qe8 23. Bh5 Rc7 24. Ng4 d4 25. exd4 c4 26. Rc1 Bb4 27. Bc3 Ba3 28. Re1 Qf8 29. Ba5 c3 30. Rc2 Qd6 31. Bxc3 Qd5 32. Ne3 Qxh5 33. Nc4 Nxc4 34. bxc4 Qg6 35. d5 Rxc4 36. Qb3 Bxd5 37. f3 Bc5+ 38. Kh1 Rh4 39. Qb2 Be6 40. Rd2 Rxd2 41. Qxd2 Bxh3 42. Qd8+ Kh7 0-1


[Site "https://www.chess.com"]

[Event "Titled Tuesday Blitz September 27 Late 2022"]
[White "Murtazin, Ruslan"]
[Black "Wieczorek, Oskar"]
[WhiteFideId "24175960"]
[BlackFideId "1133950"]
[WhiteElo "2212"]
[BlackElo "2302"]
[Result "0-1"]
[Round "03"]
[TimeControl "180+1"]
[Date "2022.09.28"]
[WhiteClock "0:00:01"]
[BlackClock "0:00:14"]

1. e4 c5 2. Nf3 d6 3. d4 cxd4 4. Nxd4 Nf6 5. Nc3 e6 6. Bc4 Be7 7. O-O O-O 8. f4 Nc6 9. Be3 d5 10. exd5 exd5 11. Be2 Re8 12. Bf2 Bc5 13. Bf3 Nxd4 14. Bxd4 Qb6 15. Bxc5 Qxc5+ 16. Kh1 d4 17. Ne2 Rd8 18. c3 Ng4 19. Qd2 Ne3 20. Rfe1 Nc4 21. cxd4 Nxd2 22. dxc5 Nxf3 23. gxf3 Be6 24. Nc3 Rd2 25. Re2 Rxe2 26. Nxe2 Rd8 27. Nc3 Rd2 28. Re1 Rxb2 29. f5 Bd7 30. Rd1 Be8 31. Rd8 Kf8 32. Ne4 Ke7 33. Ra8 Rxa2 34. h4 Bc6 35. h5 Ra4 0-1


[Site "https://www.chess.com"]

[Event "Titled Tuesday Blitz September 27 Late 2022"]
[White "Nakamura, Hikaru"]
[Black "Atanasov, Anthony"]
[WhiteFideId "2016192"]
[BlackFideId "2623897"]
[WhiteElo "2850"]
[BlackElo "1933"]
[Result "1-0"]
[Round "03"]
[TimeControl "180+1"]
[Date "2022.09.27"]
[WhiteClock "0:01:01"]
[BlackClock "0:00:02"]

1. Nf3 d5 2. g3 Nf6 3. Bg2 h6 4. d4 Bf5 5. c4 e6 6. Nc3 Be7 7. Qb3 Nc6 8. O-O O-O 9. cxd5 exd5 10. a3 a6 11. Bf4 Na5 12. Qa2 Nc4 13. Nxd5 Qxd5 14. Nd2 Qxd4 15. Nxc4 Be6 16. b3 b5 17. Rfd1 Qa7 18. Ne5 Bc5 19. Nd3 Bd5 20. Nxc5 Bxg2 21. Kxg2 Qxc5 22. Rac1 Qf5 23. Qc2 Qxc2 24. Rxc2 Rac8 25. Bxc7 Ne8 26. Rdc1 Nxc7 27. Rxc7 Rxc7 28. Rxc7 b4 29. axb4 Rb8 30. Rc4 Kh7 31. g4 f6 32. h4 Kg6 33. h5+ Kh7 34. f3 Rb5 35. Kf2 f5 36. e4 fxg4 37. fxg4 Kg8 38. Ke3 Kf7 39. Kf4 Kf6 40. Ke3 Ke7 41. Kd4 Rg5 42. Rc7+ Kd6 43. Ra7 Rxg4 44. Rxa6+ Kc7 45. b5 Rg5 46. e5 Rxh5 47. Re6 Rh3 48. Kc4 Re3 49. b4 g5 50. Kd4 Re2 51. Rxh6 g4 52. b6+ Kb7 53. Rg6 Rd2+ 54. Ke4 Rb2 55. Rxg4 Rxb4+ 56. Kf5 Rxb6 57. Rc4 Rb2 58. e6 Rf2+ 59. Ke5 Re2+ 60. Kf6 Kb8 61. e7 Kb7 62. Rc5 Rf2+ 63. Ke6 1-0


[Site "https://www.chess.com"]

[Event "Titled Tuesday Blitz September 27 Late 2022"]
[White "Navarrete Mendez, Gonzalo Alberto"]
[Black "Rustemov, Alexander"]
[WhiteFideId "5106850"]
[BlackFideId "4119002"]
[WhiteElo "2261"]
[BlackElo "2852"]
[Result "1-0"]
[Round "03"]
[TimeControl "180+1"]
[Date "2022.09.27"]
[WhiteClock "0:00:51"]
[BlackClock "0:00:02"]

1. e4 e6 2. d4 d5 3. Nc3 Bb4 4. e5 c5 5. a3 Bxc3+ 6. bxc3 Ne7 7. Qg4 O-O 8. Bd3 Qa5 9. Bd2 Nbc6 10. Nf3 f5 11. Qh3 Qa4 12. Rg1 c4 13. Be2 Qxc2 14. Rc1 Qb2 15. g4 Bd7 16. Bd1 Na5 17. gxf5 Nxf5 18. Nh4 Nb3 19. Rc2 Qb1 20. Nxf5 Rxf5 21. Bh6 g6 22. Qh4 Re8 23. Rg5 Rf7 24. Qg3 Kh8 25. h4 Ba4 26. Rg4 Nxd4 27. Rc1 Qb2 28. cxd4 Bxd1 29. Rxd1 c3 30. Rf4 c2 31. Rxf7 cxd1=Q+ 32. Kxd1 Rc8 33. Bd2 Rc2 34. Qf4 Qb1+ 35. Bc1 Rxc1+ 36. Qxc1 Qd3+ 37. Qd2 Qb1+ 38. Ke2 Kg8 39. Rc7 Qe4+ 40. Qe3 Qg4+ 41. Qf3 1-0


[Site "https://www.chess.com"]

[Event "Titled Tuesday Blitz September 27 Late 2022"]
[White "Ozates, Tuna"]
[Black "Kravtsiv, Martyn"]
[WhiteFideId "6354521"]
[BlackFideId "14113147"]
[WhiteElo "1887"]
[BlackElo "2694"]
[Result "0-1"]
[Round "03"]
[TimeControl "180+1"]
[Date "2022.09.27"]
[WhiteClock "0:00:18"]
[BlackClock "0:00:29"]

1. e4 e5 2. Nf3 Nc6 3. Bb5 a6 4. Ba4 Nf6 5. d3 b5 6. Bb3 Be7 7. O-O d6 8. c3 O-O 9. Nbd2 Na5 10. Bc2 c5 11. a3 Qc7 12. Re1 Nc6 13. Nf1 d5 14. Ng3 d4 15. cxd4 exd4 16. e5 Nd5 17. Bb3 Be6 18. Ne4 h6 19. Bd2 Rfd8 20. Rc1 Qa7 21. Bxh6 gxh6 22. Qd2 Kh7 23. Nf6+ Bxf6 24. exf6 Rg8 25. Ne5 Nxe5 26. Rxe5 Qb7 27. g3 Rae8 28. Rxc5 Nxf6 29. Bd1 Bh3 30. f3 Rxe5 31. Rxe5 Re8 32. Qf4 Rxe5 33. Qxe5 Qc6 34. Kf2 Qc1 35. Be2 Qh1 36. Qxf6 Qxh2+ 37. Ke1 Qxg3+ 38. Kd1 Qg1+ 39. Kc2 Be6 40. Qxd4 Qxd4 0-1


[Site "https://www.chess.com"]

[Event "Titled Tuesday Blitz September 27 Late 2022"]
[White "Ozsakallioglu, Okan"]
[Black "Vasquez Schroeder, Rodrigo"]
[WhiteFideId "6367011"]
[BlackFideId "3400042"]
[WhiteElo "2060"]
[BlackElo "2577"]
[Result "0-1"]
[Round "03"]
[TimeControl "180+1"]
[Date "2022.09.27"]
[WhiteClock "0:00:07"]
[BlackClock "0:00:31"]

1. e4 c5 2. Nf3 d6 3. d4 cxd4 4. Nxd4 Nf6 5. Nc3 a6 6. h3 e6 7. g4 h6 8. Bg2 Be7 9. f4 Qc7 10. O-O Nc6 11. Nxc6 bxc6 12. e5 dxe5 13. fxe5 Nd5 14. Qf3 O-O 15. Qg3 Nxc3 16. Qxc3 Bb7 17. Be3 c5 18. Bxb7 Qxb7 19. Rad1 Rfd8 20. b3 Rd5 21. Rxd5 Qxd5 22. Rf2 Qe4 23. Rf4 Qd5 24. Rf2 Qd1+ 25. Kg2 Rd8 26. Rd2 Rxd2+ 27. Qxd2 Qb1 28. a4 c4 29. bxc4 Qa2 30. Qd3 Qxa4 31. Kf3 a5 32. Qe4 Bf8 33. c5 Qb5 34. c6 Qf1+ 35. Kg3 Qe1+ 36. Kf3 Qc3 37. Kf4 Be7 38. Kf3 Bg5 39. Ke2 Bxe3 40. Qxe3 Qxc2+ 41. Ke1 Qxc6 42. Qa7 Qc3+ 43. Ke2 Qxe5+ 44. Kf3 g5 45. Qa8+ Kg7 46. Qa7 Qd5+ 47. Kg3 Kg6 48. Qa8 Qxa8 0-1


[Site "https://www.chess.com"]

[Event "Titled Tuesday Blitz September 27 Late 2022"]
[White "Paravyan, David"]
[Black "Averjanov, Alexey"]
[WhiteFideId "4194985"]
[BlackFideId "14109867"]
[WhiteElo "2555"]
[BlackElo "2658"]
[Result "1-0"]
[Round "03"]
[TimeControl "180+1"]
[Date "2022.09.27"]
[WhiteClock "0:01:35"]
[BlackClock "0:00:58"]

1. e4 c6 2. d4 d5 3. e5 Bf5 4. h4 h5 5. Bd3 Bxd3 6. Qxd3 e6 7. Bg5 Qa5+ 8. Nc3 Qa6 9. Qh3 Nd7 10. Nge2 Ne7 11. O-O c5 12. a4 cxd4 13. Nb5 O-O-O 14. Nd6+ Kb8 15. Nxf7 Qxe2 16. Nxd8 Nf5 17. Nxe6 g6 18. Nf4 Qxe5 19. Nxg6 Qe6 20. Nxh8 Bg7 21. Rae1 Ne5 22. Bf4 Bxh8 23. Qh2 1-0


[Site "https://www.chess.com"]

[Event "Titled Tuesday Blitz September 27 Late 2022"]
[White "Perez Ponsa, Federico"]
[Black "Can, Melih Kaan"]
[WhiteFideId "117927"]
[BlackFideId "6317383"]
[WhiteElo "2604"]
[BlackElo "2029"]
[Result "1-0"]
[Round "03"]
[TimeControl "180+1"]
[Date "2022.09.28"]
[WhiteClock "0:01:22"]
[BlackClock "0:00:03"]

1. e4 e5 2. Nf3 Nc6 3. d4 exd4 4. Nxd4 Nf6 5. Nxc6 bxc6 6. Nc3 Bb4 7. Bd3 d6 8. O-O Ng4 9. h3 Ne5 10. Be2 Qh4 11. f4 Bc5+ 12. Kh2 Ng6 13. Qe1 Qxe1 14. Rxe1 O-O 15. g3 f5 16. Bf3 Bd7 17. exf5 Rxf5 18. Ne4 Bb6 19. Bg4 Rf7 20. Ng5 Bxg4 21. Nxf7 Bf5 22. Ng5 Bxc2 23. Be3 h6 24. Ne6 Re8 25. Bxb6 cxb6 26. Rac1 Bf5 27. Nd4 Rxe1 28. Rxe1 Bd7 29. Re3 c5 30. Ne2 d5 31. Ra3 a5 32. Rb3 b5 33. Rc3 c4 34. Nd4 Kf7 35. Ra3 a4 36. Re3 b4 37. a3 b3 38. Kg2 Ne7 39. g4 Nc8 40. Re5 Nd6 41. Ne2 Bc6 42. Kf2 Ne4+ 43. Rxe4 dxe4 44. Ke3 Ke6 45. Nc3 Kd6 46. Kd4 Bd7 47. Nxe4+ Ke7 48. Kxc4 h5 49. f5 hxg4 50. hxg4 Bc6 51. Nc3 Bf3 52. g5 Bg4 53. f6+ gxf6 54. Nd5+ Kd6 55. Nxf6 Be6+ 56. Kb4 Ke5 57. Kxa4 Kf5 58. Kb4 Kxg5 59. Ne4+ Kf4 60. Nc5 Bc8 61. Nxb3 Ke3 62. Kc3 Ke4 63. Nc5+ Kd5 64. b4 Kc6 65. Kc4 Kb6 66. a4 Kc6 67. b5+ Kb6 68. Kb4 Bf5 69. a5+ Ka7 70. b6+ Ka8 71. a6 Bh3 72. Ka5 Bg2 73. Ne6 Kb8 74. Nc7 Bh1 75. a7+ Kc8 76. a8=Q+ 1-0


[Site "https://www.chess.com"]

[Event "Titled Tuesday Blitz September 27 Late 2022"]
[White "Petrosyan, Manuel"]
[Black "Mladek, Richard"]
[WhiteFideId "13300857"]
[BlackFideId "386588"]
[WhiteElo "2592"]
[BlackElo "2263"]
[Result "1-0"]
[Round "03"]
[TimeControl "180+1"]
[Date "2022.09.28"]
[WhiteClock "0:00:07"]
[BlackClock "0:00:25"]

1. Nf3 d5 2. g3 c5 3. Bg2 Nc6 4. d4 Nf6 5. O-O e6 6. c4 dxc4 7. dxc5 Qxd1 8. Rxd1 Bxc5 9. Nbd2 c3 10. bxc3 O-O 11. Nb3 Be7 12. Nfd4 Nxd4 13. cxd4 Nd5 14. Bd2 f5 15. a4 Bd7 16. Na5 b6 17. Nc4 Bf6 18. Rac1 Bxa4 19. Re1 Bxd4 20. Nd6 Rad8 21. Rc4 Bc5 22. Nb7 Bb3 23. Nxd8 Bxc4 24. Nxe6 Rc8 25. Rc1 Bb3 26. Nd4 Ba2 27. Rc2 Ne7 28. Rxa2 Bxd4 29. Rxa7 Kf7 30. Bg5 Bc5 31. Bd5+ Kf8 32. Be6 Rb8 33. Bxe7+ Bxe7 34. Bxf5 g6 35. Be4 b5 36. Rb7 Rxb7 37. Bxb7 b4 38. Bd5 Kg7 39. f4 Kf6 40. e4 g5 41. Kg2 Bc5 42. e5+ Kf5 43. Kf3 g4+ 44. Kg2 Be3 45. Bb3 Kg6 46. Bc2+ Kg7 47. h3 gxh3+ 48. Kxh3 Bd2 49. Kg4 h6 50. Kf5 Be1 51. g4 Bg3 52. Ke4 Bh2 53. f5 Kf7 54. f6 Kg6 55. Kd5+ Kf7 56. Bb3 Kg6 57. Ke6 Bf4 58. f7 Kg7 59. Ke7 1-0


[Site "https://www.chess.com"]

[Event "Titled Tuesday Blitz September 27 Late 2022"]
[White "Preotu, Razvan"]
[Black "Kollars, Dmitrij"]
[WhiteFideId "2613280"]
[BlackFideId "12909572"]
[WhiteElo "2407"]
[BlackElo "2584"]
[Result "1/2-1/2"]
[Round "03"]
[TimeControl "180+1"]
[Date "2022.09.27"]
[WhiteClock "0:00:05"]
[BlackClock "0:00:10"]

1. e4 c5 2. Nf3 d6 3. d4 cxd4 4. Nxd4 Nf6 5. Nc3 Nc6 6. Bg5 e6 7. Qd2 a6 8. O-O-O h6 9. Be3 Bd7 10. f3 Nxd4 11. Qxd4 Bc6 12. Kb1 d5 13. e5 Nd7 14. f4 Bc5 15. Qd2 Bxe3 16. Qxe3 g5 17. f5 Qb6 18. Qe1 O-O-O 19. Be2 d4 20. Bh5 dxc3 21. Qxc3 Qc5 22. Rxd7 Qxc3 23. Rxd8+ Kxd8 24. Rd1+ Kc7 25. bxc3 exf5 26. Bxf7 Rd8 27. Re1 Be4 28. g4 Kd7 29. Rd1+ Ke7 30. Rxd8 Kxd8 31. Bg6 Kc7 32. Bxf5 Bf3 33. c4 Kc6 34. Kb2 Kc5 35. Kc3 Be2 36. e6 Kd6 37. Kd4 b6 38. a3 a5 39. Ke3 Bxc4 40. Kd4 Bd5 41. c3 Bc6 42. e7 Be8 43. Be4 Kxe7 44. Ke5 Bf7 45. Bd5 Bg6 46. Bc6 Bc2 47. Bf3 Bd3 48. Bd5 Be2 49. Be6 Bd3 50. Bf5 Bc4 51. Be4 Be6 52. Bf5 Bf7 53. Be4 Bg8 54. Bf5 Bc4 55. Be4 Bb3 56. Bf5 Bc4 1/2-1/2


[Site "https://www.chess.com"]

[Event "Titled Tuesday Blitz September 27 Late 2022"]
[White "Putnam, Liam"]
[Black "Forgacs, Attila Jr."]
[WhiteFideId "30938279"]
[BlackFideId "773654"]
[WhiteElo "2031"]
[BlackElo "2062"]
[Result "1/2-1/2"]
[Round "03"]
[TimeControl "180+1"]
[Date "2022.09.28"]
[WhiteClock "0:00:08"]
[BlackClock "0:00:05"]

1. e4 e5 2. Nf3 Nc6 3. Bb5 a6 4. Ba4 Nf6 5. O-O Be7 6. Re1 b5 7. Bb3 O-O 8. c3 d5 9. exd5 Nxd5 10. Nxe5 Nxe5 11. Rxe5 c6 12. d3 Bd6 13. Re1 Qh4 14. g3 Qh3 15. Bxd5 cxd5 16. Qf3 Bg4 17. Qg2 Qh5 18. Be3 Bf3 19. Qf1 f5 20. Nd2 f4 21. Bd4 fxg3 22. fxg3 Bxg3 23. Nxf3 Rxf3 24. Qg2 Bxh2+ 25. Qxh2 Qg4+ 26. Qg2 Rg3 27. Re2 Rf8 28. Qxg3 Qxg3+ 29. Rg2 Qc7 30. Rxg7+ Qxg7+ 31. Bxg7 Kxg7 32. Re1 Rf3 33. d4 Rg3+ 34. Kf2 Rd3 35. Re7+ Kg6 36. Ke2 Rh3 37. Re6+ Kf5 38. Rxa6 Rh2+ 39. Kd3 Rxb2 40. Rd6 Rxa2 41. Rxd5+ Kg4 42. Rxb5 h5 43. Rb8 h4 44. Rg8+ Kf3 45. d5 h3 46. Rf8+ Kg4 47. Rg8+ Kf5 48. Rh8 h2 49. c4 Kg4 50. d6 Ra3+ 51. Kd4 Rh3 52. Rg8+ Kf5 53. d7 h1=Q 54. d8=Q Qe4+ 55. Kc5 Qe3+ 56. Qd4 Qa3+ 57. Kd5 Rd3 58. Rf8+ Kg6 59. Rf6+ Kh7 60. Rf7+ Kg8 61. Rg7+ Kf8 62. Rg4 Rxd4+ 63. Rxd4 Qa5+ 64. c5 Qa2+ 65. Kd6 Kf7 66. c6 Qa3+ 67. Kd5 Qf3+ 68. Kc5 Qf5+ 69. Kb6 Qb1+ 70. Kc7 Qg1 71. Rf4+ Ke6 72. Re4+ Kd5 73. Re7 Qg3+ 74. Kb7 Qb3+ 75. Kc7 Qa4 76. Rd7+ Ke6 77. Kb7 Qb5+ 78. Kc7 Qa5+ 79. Kb7 Qb4+ 80. Kc7 Qf4+ 81. Kb7 Qf8 82. Rd1 Qe7+ 83. c7 Qb4+ 84. Kc8 Qa4 85. Re1+ Kf7 86. Kd8 Qd4+ 87. Kc8 Qb6 88. Rf1+ Ke7 89. Re1+ Kf6 90. Rf1+ Kg7 91. Rd1 Qa6+ 92. Kd8 Qf6+ 93. Kd7 Qf7+ 94. Kc6 Qc4+ 95. Kb7 Qb3+ 96. Kc6 Qxd1 97. c8=Q Qc2+ 98. Kd7 Qf5+ 99. Kc7 Qc5+ 100. Kb8 Qb6+ 101. Ka8 Qa5+ 102. Kb7 Qb5+ 103. Kc7 Qe5+ 104. Kd8 Qf6+ 105. Kc7 Qc3+ 106. Kb8 Qb4+ 107. Qb7+ Qxb7+ 108. Kxb7 1/2-1/2


[Site "https://www.chess.com"]

[Event "Titled Tuesday Blitz September 27 Late 2022"]
[White "Rangel, Daniel"]
[Black "Harvey, Marcus R"]
[WhiteFideId "2124475"]
[BlackFideId "400092"]
[WhiteElo "2225"]
[BlackElo "2485"]
[Result "1-0"]
[Round "03"]
[TimeControl "180+1"]
[Date "2022.09.27"]
[WhiteClock "0:00:41"]
[BlackClock "0:00:05"]

1. c4 e5 2. g3 Nc6 3. Bg2 g6 4. Nc3 Bg7 5. e3 Nge7 6. Nge2 O-O 7. Rb1 a5 8. a3 d6 9. b4 axb4 10. axb4 Be6 11. Nd5 Qd7 12. h4 h5 13. d3 Nf5 14. b5 Na5 15. b6 Bxd5 16. Bxd5 c6 17. Bg2 d5 18. cxd5 cxd5 19. O-O Ne7 20. Ba3 Rfd8 21. Nc3 Nac6 22. Bxe7 Nxe7 23. e4 d4 24. Nd5 Nxd5 25. exd5 Ra6 26. Qb3 Rc8 27. Rfc1 Rxc1+ 28. Rxc1 Qd6 29. Rc6 bxc6 30. b7 Qb8 31. dxc6 Rxc6 32. Bxc6 e4 33. Bxe4 Be5 34. Bxg6 Qc7 35. b8=Q+ Qxb8 36. Qxf7+ 1-0


[Site "https://www.chess.com"]

[Event "Titled Tuesday Blitz September 27 Late 2022"]
[White "Romero Ruscalleda, Josep"]
[Black "Ozen, Bahadir"]
[WhiteFideId "2231859"]
[BlackFideId "6337058"]
[WhiteElo "2381"]
[BlackElo "2503"]
[Result "0-1"]
[Round "03"]
[TimeControl "180+1"]
[Date "2022.09.28"]
[WhiteClock "0:00:04"]
[BlackClock "0:00:23"]

1. e4 d6 2. d4 g6 3. Nc3 Bg7 4. Nf3 c6 5. a4 Nf6 6. Be2 O-O 7. O-O Qc7 8. Bf4 Nh5 9. Bg5 e5 10. Qd2 Re8 11. Rfd1 Nd7 12. dxe5 dxe5 13. Qd6 Qxd6 14. Rxd6 Bf8 15. Rd2 h6 16. Be3 Nf4 17. Bc4 Nc5 18. Rad1 g5 19. Rd8 Be6 20. Rxa8 Rxa8 21. Nxe5 Bxc4 22. Nxc4 Re8 23. f3 b6 24. Kf2 Nce6 25. Nd6 Rb8 26. Nf5 a5 27. Rd7 Ng6 28. g3 Ne5 29. Ra7 Nc4 30. Bc1 b5 31. b3 Bc5+ 32. Ke2 Bxa7 33. bxc4 b4 34. Nd1 Nd4+ 35. Nxd4 Bxd4 36. Bd2 b3 37. cxb3 Rxb3 38. f4 g4 39. f5 h5 40. Bg5 Ra3 41. Bd2 Rxa4 42. Kd3 Be5 43. c5 Rd4+ 44. Ke3 Rc4 45. Bxa5 Rxc5 46. Bb6 Rb5 47. Ba7 Rb3+ 48. Kd2 Ra3 49. Bc5 Ra2+ 50. Kd3 Rxh2 51. Bf2 Rh1 52. Ke2 h4 53. gxh4 g3 54. Be3 g2 55. h5 Bf4 56. Bf2 Bg3 57. Be3 g1=Q 58. Bxg1 Rxg1 59. Ne3 Be5 60. Nc4 f6 61. Kf3 Rg3+ 62. Ke2 Rh3 63. Ne3 Rxh5 64. Kd3 Rh3 65. Ke2 Rxe3+ 66. Kxe3 Kf7 67. Kd3 Ke7 68. Kc4 Kd6 69. Kb4 Kd7 70. Kc4 Kc7 71. Kb4 Kb6 72. Kc4 c5 73. Kd5 Kb5 74. Ke6 c4 0-1


[Site "https://www.chess.com"]

[Event "Titled Tuesday Blitz September 27 Late 2022"]
[White "Salman, Pavel"]
[Black "Javakhadze, Zurab"]
[WhiteFideId "24153753"]
[BlackFideId "13603647"]
[WhiteElo "2039"]
[BlackElo "2381"]
[Result "1-0"]
[Round "03"]
[TimeControl "180+1"]
[Date "2022.09.28"]
[WhiteClock "0:00:05"]
[BlackClock "0:00:02"]

1. Nf3 d5 2. g3 Nf6 3. Bg2 e6 4. O-O Be7 5. d3 O-O 6. Nbd2 c5 7. Re1 Nc6 8. e4 b5 9. e5 Nd7 10. Nf1 a5 11. h4 a4 12. a3 b4 13. h5 Bb7 14. h6 g6 15. N1h2 d4 16. Ng4 Nb6 17. Bd2 bxa3 18. bxa3 Rb8 19. Qc1 c4 20. Bg5 cxd3 21. Bxe7 Qxe7 22. cxd3 Nd7 23. Qf4 Ba8 24. Nxd4 Nxd4 25. Qxd4 Bxg2 26. Kxg2 Nc5 27. Rab1 Rbd8 28. Qf4 Nxd3 29. Qxa4 Nxe1+ 30. Rxe1 Qb7+ 31. Kh2 Rd3 32. Nf6+ Kh8 33. Re4 Rfd8 34. Qa5 Rd1 35. a4 Qb1 36. Kh3 Qd3 37. Qc7 Rf8 38. Qe7 Qd8 39. Qb4 Rh1+ 40. Kg2 Rxh6 41. a5 g5 42. a6 Qa8 43. f3 Qc8 44. Rc4 Qa8 45. a7 Rd8 46. Qe7 Rd2+ 47. Kg1 Rd1+ 48. Kf2 Rh2+ 49. Ke3 Re1+ 50. Kd3 Rd1+ 51. Kc3 Rc1+ 52. Kb4 Rb2+ 53. Ka3 Rxc4 54. Kxb2 Kg7 55. Ne8+ Kg6 56. Qf6+ Kh5 57. Ng7# 1-0


[Site "https://www.chess.com"]